 Dungeon Crawl Stone Soup version 0.31.0-32-g396128a36d (webtiles) character file.

Game seed: 2994391826690051177

1442 PaiMei the Grave Robber (level 8, -3/61 HPs)
             Began as a Demonspawn Necromancer on Mar 28, 2024.
             Slain by an acid dragon (6 damage)
             ... on level 6 of the Dungeon.
             The game lasted 00:05:28 (5020 turns).

PaiMei the Grave Robber (Demonspawn Necromancer)    Turns: 5020, Time: 00:05:28

Health: -3/61      AC:  0    Str:  8    XL:     8   Next: 46%
Magic:  3/15       EV: 14    Int: 17    God:
Gold:   248        SH:  4    Dex: 15    Spells: 9/17 levels left

rFire   . . .        j - +2 dagger (elec)
rCold   . . .        (no shield)
rNeg    . . .        a - +0 robe
rPois   .            t - +0 helmet
rElec   .            (no cloak)
rCorr   .            e - +0 pair of gloves
SInv    .            (no boots)
Will    +....        (no amulet)
Stlth   ++           s - ring of wizardry
HPRegen 0.30/turn    r - ring of willpower
MPRegen 0.14/turn

%: wizardry (x1)
@: corroded
A: spiny 2, condensation shield, weakness stinger 2
a: no special abilities


You were on level 6 of the Dungeon.
You visited 1 branch of the dungeon, and saw 6 of its levels.

You collected 248 gold pieces.

Inventory:

Hand Weapons
 j - a +2 dagger of electrocution (weapon)
 E - a +2 whip of flaming
Missiles
 G - 3 poisoned darts
Armour
 a - a +0 robe (worn)
 e - a +0 pair of gloves (worn)
 i - a scarf of invisibility
 o - a +0 kite shield
 t - a +0 helmet (worn)
Jewellery
 g - a ring of positive energy
 r - a ring of willpower (right hand)
 s - a ring of wizardry (left hand)
 z - a ring of willpower
 A - a ring of positive energy
 B - a ring of protection from fire
 F - a ring of protection from fire
Wands
 C - a wand of roots (8)
Scrolls
 c - 3 scrolls of enchant weapon {unknown}
 d - 3 scrolls of teleportation {unknown}
 k - 6 scrolls of identify {unknown}
 n - a scroll of torment {unknown}
 q - 2 scrolls of immolation {unknown}
 v - 2 scrolls of poison {unknown}
 w - a scroll of noise {unknown}
 y - a scroll of fog {unknown}
Potions
 b - 2 potions of magic
 f - a potion of curing {unknown}
 h - 2 potions of heal wounds {unknown}
 l - 3 potions of enlightenment {unknown}
 m - a potion of attraction {unknown}
 p - a potion of degeneration {unknown}
 u - 2 potions of mutation {unknown}
 x - a potion of resistance {unknown}
 D - a potion of lignification {unknown}


   Skills:
 + Level 4.9 Fighting
 + Level 5.0 Dodging
 - Level 2.0 Stealth
 + Level 5.1 Spellcasting
 + Level 7.3 Necromancy


You had 9 spell levels left.
You knew the following spells:

 Your Spells              Type           Power      Damage    Failure   Level
a - Necrotise             Necr           100%       1d9       1%          1
b - Vampiric Draining     Necr           29%        2d8       1%          3
c - Animate Dead          Necr           29%        N/A       2%          4

Your spell library contained the following spells:

 Spells                   Type           Power      Damage    Failure   Level
 Foxfire                  Conj/Fire      16%        2x1d4     6%          1
 Curse of Agony           Necr           29%        N/A       9%          5
 Volatile Blastmotes      Fire/Tloc      8%         2d10      16%         3
 Cause Fear               Hex            2%         N/A       45%         4
 Dimensional Bullseye     Hex/Tloc       2%         N/A       45%         4
 Sticky Flame             Fire/Alch      4%         2d4       45%         4
 Vhi's Electric Charge    Tloc/Air       8%         N/A       45%         4
 Arcjolt                  Conj/Air       2%         1d12      80%         5
 Fireball                 Conj/Fire      2%         3d4       80%         5
 Summon Forest            Summ/Tloc      2%         N/A       80%         5
 Plasma Beam              Fire/Air       2%         2x1d12    100%        6
 Starburst                Conj/Fire      2%         6d3       100%        6
 Maxwell's Capacitive Co  Air            2%         ∞         100%        8
 Dragon's Call            Summ           2%         N/A       100%        9


Dungeon Overview and Level Annotations

Branches:
Dungeon (6/15)
 Temple: D:4-7

Altars:
Dithmenos
Fedhas
Wu Jian

Annotations:
D:3 2 transporters, 1 runed translucent door, Crazy Yiuf; SixSecondSigh's ghost, amateur DsNe


Innate Abilities, Weirdness & Mutations

You are mostly covered in sharp spines.
A meltable shield of frost defends you. (SH +4)
You have a tail ending in a sharp stinger.


Message History

Confirm with . or Enter, or press ? or * to list all spells.
Aiming: Necrotise (safe; 1% risk of failure)
Press: ? - help, Shift-Dir - straight line, f - acid dragon
Aim: an acid dragon (ally target, chance to affect: 83%)
The acid dragon writhes in agony!
The acid dragon spits acid at you. The splash of acid hits you!!!
Ouch! That really hurt!
The acid corrodes you!
You hear a shout!
A gnoll comes into view. It is wielding a +0 spear.
The gnoll shouts!
The acid dragon is struck by your spines.
The acid dragon bites you. The acid dragon claws you.
You see here a +0 whip.
You swap places.
Your gnoll skeleton hits the acid dragon.
The acid dragon is struck by your spines.
The acid dragon bites you!
* * * LOW HITPOINT WARNING * * *
The acid dragon closely misses you.
Casting: Necrotise (safe; 1% risk of failure)
Confirm with . or Enter, or press ? or * to list all spells.
You don't have enough magic to cast this spell.
Casting: Necrotise (safe; 1% risk of failure)
Confirm with . or Enter, or press ? or * to list all spells.
You don't have enough magic to cast this spell.
You hit the acid dragon but do no damage.
You tail-slap the acid dragon, but do no damage.
The acid dragon is severely wounded.
Your gnoll skeleton closely misses the acid dragon.
The acid dragon spits acid at you. The splash of acid misses you.
You hit the acid dragon but do no damage.
The acid dragon is severely wounded.
Your gnoll skeleton hits the acid dragon but does no damage.
The acid dragon bites you.
* * * LOW HITPOINT WARNING * * *
The acid dragon claws you.
You die...

#..............
#..............
#..............
#..............
#..............
######>...g.........
#.....>.............
#.####.####D###########
#.# #.....@Z).....?...
#.# ######.###########
#.# #.###
#.#########...#
#.....#........
#..............
#.###.#..........# #.#
#.#..........# #.#
#.#..........#


You could see an acid dragon (catching breath, ally target), a gnoll and a
friendly gnoll skeleton.

Vanquished Creatures
  Pikel (D:6)
  A water moccasin (D:5)
  An ice beast (D:5)
  An ogre (D:6)
  A centaur (D:6)
  2 scorpions
  2 howler monkeys (D:6)
  3 hounds (D:5)
  An orc priest (D:4)
  Jessica (D:2)
  An iguana (D:4)
  3 orc wizards
  6 gnolls
  3 adders
  3 dart slugs
  A ribbon worm (D:3)
  9 orcs
  7 endoplasms
  3 giant cockroaches
  4 goblins
  2 hobgoblins (D:4)
  2 quokkas
  7 ball pythons
  3 bats
  2 frilled lizards (D:1)
  8 kobolds
  7 rats
85 creatures vanquished.

Vanquished Creatures (collateral kills)
  A hound (D:6)
  A goblin (D:4)
  A hobgoblin (D:4)
3 creatures vanquished.

Vanquished Creatures (others)
  A kobold zombie (D:6)
1 creature vanquished.

Grand Total: 89 creatures vanquished

Notes
Turn   | Place    | Note
-------+----------+-------------------------------------------
     0 | D:1      | PaiMei the Demonspawn Necromancer began the quest for the
                  | Orb.
     0 | D:1      | Reached XP level 1. HP: 13/13 MP: 3/3
   160 | D:1      | Gained mutation: You are partially covered in sharp spines.
                  | [demonic ancestry]
   160 | D:1      | Reached XP level 2. HP: 19/19 MP: 0/5
   826 | D:1      | Reached XP level 3. HP: 22/25 MP: 1/6
   830 | D:1      | Learned a level 3 spell: Vampiric Draining
  1117 | D:2      | Noticed Jessica
  1121 | D:2      | Killed Jessica
  1122 | D:2      | Reached skill level 1 in Fighting
  1263 | D:2      | Gained mutation: A meltable shield of frost defends you.
                  | (SH +4) [demonic ancestry]
  1263 | D:2      | Reached XP level 4. HP: 32/32 MP: 4/7
  1687 | D:3      | Found an ornate altar of the Wu Jian Council.
  1689 | D:3      | Found a shadowy altar of Dithmenos.
  1876 | D:3      | Found a transporter.
  1877 | D:3      | Noticed SixSecondSigh's ghost (amateur DsNe)
  1878 | D:3      | Noticed an ogre
  1878 | D:3      | Noticed an ogre
  1881 | D:3      | Noticed an ogre
  1883 | D:3      | Found a transporter.
  2014 | D:3      | Got the Excursus on Toxicology and Relocation
  2102 | D:3      | Found a runed translucent door.
  2103 | D:3      | Noticed Crazy Yiuf
  2181 | D:4      | Noticed a scorpion
  2187 | D:4      | Killed a scorpion
  2188 | D:4      | Reached skill level 5 in Necromancy
  2188 | D:4      | Discovered your monstrous ancestry.
  2188 | D:4      | Gained mutation: You have a small tail. [demonic ancestry]
  2188 | D:4      | Reached XP level 5. HP: 38/38 MP: 1/9
  3214 | D:4      | Reached XP level 6. HP: 31/46 MP: 2/10
  3409 | D:5      | Entered Level 5 of the Dungeon
  4241 | D:5      | Noticed an ice beast
  4248 | D:5      | Killed an ice beast
  4249 | D:5      | Reached skill level 6 in Necromancy
  4249 | D:5      | Gained mutation: You are mostly covered in sharp spines.
                  | [demonic ancestry]
  4249 | D:5      | Reached XP level 7. HP: 52/52 MP: 2/12
  4653 | D:6      | Learned a level 4 spell: Animate Dead
  4662 | D:6      | Noticed Pikel
  4681 | D:6      | Killed Pikel
  4682 | D:6      | Reached skill level 7 in Necromancy
  4682 | D:6      | Gained mutation: You have a tail ending in a sharp stinger.
                  | [demonic ancestry]
  4682 | D:6      | Reached XP level 8. HP: 27/61 MP: 2/15
  4907 | D:6      | Found a blossoming altar of Fedhas.
  4972 | D:6      | Reached skill level 5 in Spellcasting
  4980 | D:6      | Your ally Pikel died
  4984 | D:6      | Reached skill level 5 in Dodging
  5020 | D:6      | HP: 3/61 [acid dragon (6)]
  5020 | D:6      | Slain by an acid dragon

Illustrated notes

Levels and vault maps discovered:
D:1:      nicolae_arrival_memento_mori, layout_rooms
D:2:      layout_basic, uniq_jessica
D:3:      layout_rooms, minitemple, gammafunk_ghost_smash,
          uniq_crazy_yiuf_cottage
D:4:      layout_loops_corners
D:5:      layout_rooms
D:6:      layout_basic, mainiacjoe_overflow_small_starburst,
          hangedman_decor_diamond_cutter, kennysheep_nondescript,
          serial_library_hellmonk_small_corner, minmay_misc_feat_tower,
          uniq_pikel

Skill      XL: |  1  2  3  4  5  6  7  8 |
---------------+-------------------------+-----
Dodging        | 2 3 4 5 |  5.0
Stealth        | 2 |  2.0
Fighting       | 1 2 3 4 |  4.9
Necromancy     | 5 6 7 |  7.3
Spellcasting   | 3 4 5 |  5.1

Action                     |  1- 3 |  4- 6 |  7- 9 || total
---------------------------+-------+-------+-------++-------
  Melee: Unarmed           |    11 |       |       ||    11
         Dagger            |     5 |    17 |    17 ||    39
         Tailslap          |       |     2 |     4 ||     6
   Cast: Necrotise         |    48 |    99 |    20 ||   167
         Vampiric Draining |       |     8 |     8 ||    16
         Animate Dead      |       |       |     1 ||     1
   Stab: Distracted        |       |     1 |       ||     1
 Armour: Robe              |     8 |    27 |    15 ||    50
  Dodge: Dodged            |    15 |    32 |    12 ||    59
  Block: Other             |       |     7 |     7 ||    14
